 Dungeon Crawl Stone Soup version 0.27-a0-1177-g245c70e1c0 (webtiles) character file.

Game seed: 4970890289513455756

98 MikuNakano the Shield-Bearer (level 4, -4/45 HPs)
             Began as a Troll Fighter on May 16, 2021.
             Slain by Robin
             ... wielding a +2 short sword of venom
              (5 damage)
             ... on level 2 of the Dungeon.
             The game lasted 00:01:42 (951 turns).

MikuNakano the Shield-Bearer (Troll Fighter)         Turns: 951, Time: 00:01:43

Health: -4/45      AC:  4    Str: 25    XL:     4   Next: 44%
Magic:  3/3        EV:  8    Int:  4    God:
Gold:   53         SH:  9    Dex:  9    Spells: 3/3 levels left

rFire    . . .     SeeInvis .   a - +0 long sword
rCold    . . .     Faith    .   c - +0 kite shield
rNeg     . . .     Spirit   .   b - +0 robe
rPois    .         Reflect  .   (helmet restricted)
rElec    .         Harm     .   (no cloak)
rCorr    .         Rampage  .   (gloves unavailable)
Will     .....                  (boots unavailable)
Stlth    +.........             (no amulet)
HPRegen  1.15/turn              (no ring)
MPRegen  0.08/turn              (no ring)

@: mighty, lethally poisoned (-4 -> -5)
A: large, unfitting armour, claws 3, regeneration 1, shaggy fur 1, tough skin 1
a: no special abilities


You were on level 2 of the Dungeon.
You visited 1 branch of the dungeon, and saw 2 of its levels.

You collected 53 gold pieces.

Inventory:

Hand Weapons
 a - a +0 long sword (weapon)
Armour
 b - a +0 robe (worn)
 c - a +0 kite shield (worn)
Scrolls
 e - a scroll of magic mapping {unknown}
 g - a scroll of identify {unknown}
 i - a scroll of noise {unknown}
Potions
 f - a potion of lignification {unknown}
 h - a potion of heal wounds {unknown}


   Skills:
 + Level 3.1 Fighting
 + Level 2.4 Long Blades
 - Level 2.5 Dodging
 + Level 3.1 Shields


You had 3 spell levels left.
You didn't know any spells.
Your spell library contained the following spells:

 Spells                   Type           Power      Damage    Failure   Level
 Corona                   Hex            0%         N/A       89%         1
 Ensorcelled Hibernation  Hex/Ice        0%         N/A       96%         2
 Confusing Touch          Hex            0%         N/A       99%         3
 Dazzling Flash           Conj/Hex       0%         N/A       99%         3
 Tukima's Dance           Hex            0%         N/A       99%         3


Dungeon Overview and Level Annotations

Branches:
Dungeon (2/15)

Altars:
Uskayaw

Annotations:
D:2 Robin


Innate Abilities, Weirdness & Mutations

You are too large for most types of armour.
You have claws for hands.
Your natural rate of healing is unusually fast.
You are covered in fur. (AC +1)
You have tough skin. (AC +1)


Message History

You kill the hobgoblin!
You block the goblin's attack.
You closely miss the goblin.
The goblin is heavily wounded.
Robin hits you with a +2 short sword of venom.
You are poisoned.
The goblin barely misses you.
You hit the goblin.
The goblin is severely wounded.
You feel very sick. You block Robin's attack.
The goblin hits you with a +0 club.
Robin hits you with a +2 short sword of venom.
You are more poisoned.
You closely miss the goblin.
The goblin is severely wounded.
You feel extremely sick.
The hobgoblin no longer looks unusually strong.
The goblin hits you but does no damage.
Robin roars a battlecry!
The hobgoblin goes into a battle-frenzy!
The goblin hits you with a +0 club.
* * * LOW HITPOINT WARNING * * *
You feel very sick. The goblin hits you with a +0 club.
* * * LOW HITPOINT WARNING * * *
You feel very sick. Robin throws the goblin at you!
The goblin barely misses you.
You feel very mighty all of a sudden.
You feel sick.
The goblin no longer looks unusually strong.
The goblin hits you with a +0 club.
* * * LOW HITPOINT WARNING * * *
You barely miss Robin.
* * * LOW HITPOINT WARNING * * *
You feel sick.
Robin roars a battlecry!
The goblin goes into a battle-frenzy!
You block the goblin's attack.
Robin hits you with a +2 short sword of venom.
You die...

#...#..#..#
#...?Z......#
......#...#
#..g.......##
).......#.#
#...g.......
#..##...#.#
##.......(# #..#
##...######
##.)"..#.# #.##
##...##...#####)####
#.#
##.....(....#gZ).#
..#
#............g####
.## #..........g@.#
.# #............##
.# ##..........##
.######...##.......
...............####
.#########....##
.########..##..#
....(........#.#
#########....#.#


You could see Robin, an adder zombie, a hobgoblin (strong) and a goblin
(strong).

Vanquished Creatures
  Jessica (D:2)
  An adder (D:2)
  A dart slug (D:1)
  3 endoplasms
  2 giant cockroaches
  11 goblins
  5 hobgoblins
  9 quokkas
  5 ball pythons
  3 ball python zombies (D:2)
  4 bats
  6 frilled lizards
  4 kobolds
  A rat (D:1)
56 creatures vanquished.

Notes
Turn   | Place    | Note
-------+----------+-------------------------------------------
     0 | D:1      | MikuNakano the Troll Fighter began the quest for the Orb.
     0 | D:1      | Reached XP level 1. HP: 22/22 MP: 0/0
   149 | D:1      | Reached XP level 2. HP: 29/29 MP: 1/1
   244 | D:1      | Found a faded altar of an unknown god.
   340 | D:1      | Reached XP level 3. HP: 34/34 MP: 2/2
   692 | D:2      | Noticed Jessica
   707 | D:2      | Killed Jessica
   733 | D:2      | Reached XP level 4. HP: 45/45 MP: 3/3
   818 | D:2      | Found a hide-covered altar of Uskayaw.
   906 | D:2      | Noticed Robin
   950 | D:2      | HP: 1/45 [goblin/+0 club[Robin] (3)]
   951 | D:2      | Slain by Robin

Illustrated notes

Levels and vault maps discovered:
D:1:      moated_graveyard_arrival, layout_loops_cross,
          shapermc_ecumenical_altar_mp_ritualfount
D:2:      layout_rooms, serial_undead, serial_undead_e, serial_undead_a,
          serial_undead_d, serial_undead_b, basic_altar, uniq_jessica,
          uniq_robin

Skill      XL: |  1  2  3 |
---------------+----------+-----
Long Blades    | 2 |  2.4
Fighting       | 3 |  3.1
Shields        | 3 |  3.1
Dodging        | |  2.5

Action                   |  1- 3 |  4- 6 || total
-------------------------+-------+-------++-------
Melee: Long sword        |   134 |    64 ||   198
  Use: Potion            |       |     1 ||     1
Armor: Robe              |    40 |    25 ||    65
Dodge: Dodged            |    54 |    31 ||    85
Block: Kite shield       |    70 |    32 ||   102
       Rpst.: Long sword |    19 |    12 ||    31

Table legend: (Time is in decaauts)
 A = Elapsed time spent in this place.
 B = Non-inter-level travel time spent in this place.
 C = Inter-level travel time spent in this place.
 D = Time resting spent in this place.
 E = Time spent auto-exploring this place.
 F = Levels seen in this place.
 G = Mean time per level.
                   A        B        C        D        E       F      G
               +--------+--------+--------+--------+--------+-----+--------+
         Total |   1056 |   1025 |     31 |      0 |    588 |   2 |  528.0 |
       Dungeon |   1056 |   1025 |     31 |      0 |    588 |   2 |  528.0 |
               +--------+--------+--------+--------+--------+-----+--------+

Top non-repeatable levels by time:
     D:1: 750 daAuts
     D:2: 306 daAuts
